NCAA
ARIZONA STATE SUN DEVILS @ LOUISIANA STATE TIGERS
05/03/2028
 
TOP OF THE 1ST
Arizona State Sun Devils batting - Pitching for Louisiana State Tigers : RHP Steve Henry
Pitching: RHP Steve Henry
Batting: LHB Ryan Billman 0-0: Fly out, F5 (Popup, 5S)
Batting: RHB Tim Oliver 0-0: Ball
1-0: Called Strike
1-1: Ground out 4-3 (Groundball, 4)
Batting: SHB Leonardo González 0-0: Ball
1-0: Foul Ball, location: 2F
1-1: Foul Ball, location: 2F
1-2: Strikes out swinging
Top of the 1st over - 0 run(s), 0 hit(s), 0 error(s), 0 left on base; Arizona State 0 - Louisiana State 0
BOTTOM OF THE 1ST
Louisiana State Tigers batting - Pitching for Arizona State Sun Devils : LHP Mike Drake
Pitching: LHP Mike Drake
Batting: RHB Jeff Buck 0-0: Foul Ball, location: 2F
0-1: Ball
1-1: Bunt for hit - play at first, batter OUT! 1-3
Batting: RHB John Howell 0-0: Ball
1-0: Ball
2-0: Ball
3-0: Base on Balls
Batting: LHB Ronald Wallace 0-0: Ball
1-0: Ball
2-0: Foul Ball, location: 2F
2-1: Fly out, F8 (Line Drive, 8LM)
Batting: RHB José López 0-0: Ball
1-0: Ball
2-0: Called Strike
2-1: Ball
3-1: Fielders Choice at 2nd, 6-4 (Groundball, 6)
Bottom of the 1st over - 0 run(s), 0 hit(s), 0 error(s), 0 left on base; Arizona State 0 - Louisiana State 0
TOP OF THE 2ND
Arizona State Sun Devils batting - Pitching for Louisiana State Tigers : RHP Steve Henry
Batting: RHB Cristo Avalos 0-0: Called Strike
0-1: Ball
1-1: Foul Ball, location: 2F
1-2: Ball
2-2: Ball
3-2: Foul Ball, location: 2F
3-2: Foul Ball, location: 2F
3-2: Strikes out looking
Batting: SHB Paul Davenport 0-0: Called Strike
0-1: Called Strike
0-2: Ball
1-2: Ball
2-2: Ball
3-2: Base on Balls
Batting: LHB Werner Fisher 0-0: Ball
1-0: Ball
2-0: Ball
3-0: Base on Balls
Paul Davenport to second
Batting: LHB Juan Guzmán 0-0: Ball
1-0: Ball
2-0: Called Strike
2-1: Ball
3-1: Fly out, F7 (Flyball, 7LSF)
Batting: LHB José Serrano 0-0: Ball
1-0: Called Strike
1-1: Called Strike
1-2: Ground out 5-3 (Groundball, 56)
Top of the 2nd over - 0 run(s), 0 hit(s), 0 error(s), 2 left on base; Arizona State 0 - Louisiana State 0
BOTTOM OF THE 2ND
Louisiana State Tigers batting - Pitching for Arizona State Sun Devils : LHP Mike Drake
Batting: RHB Jonathan Jackson 0-0: Called Strike
0-1: Ball
1-1: Fly out, F8 (Flyball, 89M)
Batting: RHB Jacob Glasspool 0-0: Ball
1-0: Called Strike
1-1: Ball
2-1: Ball
3-1: Base on Balls
Batting: RHB Ernesto Quintero 0-0: Ball
1-0: Foul Ball, location: 2F
1-1: Grounds into double play, 6-4-3 (Groundball, 6)
Bottom of the 2nd over - 0 run(s), 0 hit(s), 0 error(s), 0 left on base; Arizona State 0 - Louisiana State 0
TOP OF THE 3RD
Arizona State Sun Devils batting - Pitching for Louisiana State Tigers : RHP Steve Henry
Batting: LHB John Turner 0-0: Called Strike
0-1: Ball
1-1: Ball
2-1: Swinging Strike
2-2: Strikes out looking
Batting: LHB Ryan Billman 0-0: Swinging Strike
0-1: Ball
1-1: Ball
2-1: Foul Ball, location: 2F
2-2: Strikes out swinging
Batting: RHB Tim Oliver 0-0: Ball
1-0: Swinging Strike
1-1: Swinging Strike
1-2: Foul Ball, location: 2F
1-2: Foul Ball, location: 2F
1-2: Strikes out swinging
Top of the 3rd over - 0 run(s), 0 hit(s), 0 error(s), 0 left on base; Arizona State 0 - Louisiana State 0
BOTTOM OF THE 3RD
Louisiana State Tigers batting - Pitching for Arizona State Sun Devils : LHP Mike Drake
Batting: RHB Tony Young 0-0: Ball
1-0: Ball
2-0: Swinging Strike
2-1: Ball
3-1: Base on Balls
Batting: RHB Mike Cooley 0-0: Ball
1-0: Ball
2-0: Called Strike
2-1: Ball
3-1: Base on Balls
Tony Young to second
Batting: RHB Jeff Buck 0-0: Swinging Strike
0-1: Ball
1-1: Ball
2-1: 3-RUN HOME RUN (Flyball, 8LXD), Distance : 388 ft
Batting: RHB John Howell 0-0: Foul Ball, location: 2F
0-1: Swinging Strike
0-2: Ball
1-2: SINGLE (Flyball, 8LS)
Batting: LHB Ronald Wallace 0-0: Ball
1-0: Swinging Strike
1-1: Foul Ball, location: 2F
1-2: Strikes out swinging
Batting: RHB José López 0-0: Ball
1-0: Called Strike
1-1: Ball
2-1: Swinging Strike
2-2: Foul Ball, location: 2F
2-2: Ball
3-2: Strikes out swinging
John Howell steals 2nd base
Batter strikes out.
Batting: RHB Jonathan Jackson 0-0: Called Strike
0-1: Ball
1-1: Ball
2-1: Ball
3-1: Fly out, F5 (Line Drive, 5)
Bottom of the 3rd over - 3 run(s), 2 hit(s), 0 error(s), 1 left on base; Arizona State 0 - Louisiana State 3
TOP OF THE 4TH
Arizona State Sun Devils batting - Pitching for Louisiana State Tigers : RHP Steve Henry
Batting: SHB Leonardo González 0-0: Called Strike
0-1: Ground out U3 (Groundball, 34)
Batting: RHB Cristo Avalos 0-0: Ball
1-0: Ball
2-0: Called Strike
2-1: SINGLE (Groundball, 34D)
Batting: SHB Paul Davenport Error on foul ball, E3
0-1: SINGLE (Line Drive, 9S)
Cristo Avalos to second
Batting: LHB Werner Fisher 0-0: Ball
1-0: SINGLE (Line Drive, 4M)
Cristo Avalos to third
Paul Davenport to second
Runner from 3rd tries for Home, SAFE, throw made home
Batting: LHB Juan Guzmán 0-0: Ball
1-0: SINGLE (Line Drive, 56)
Paul Davenport to third
Werner Fisher to second
Batting: LHB José Serrano 0-0: SINGLE (Line Drive, 4M)
Paul Davenport scores
Werner Fisher to third
Juan Guzmán to second
Runner from 3rd tries for Home, SAFE, throw made home
Batting: LHB John Turner 0-0: Ball
1-0: Foul Ball, location: 2F
1-1: Called Strike
1-2: Ball
2-2: SINGLE (Line Drive, 7LS)
Juan Guzmán to third
José Serrano to second
Runner from 3rd tries for Home, SAFE, throw made home
Batting: LHB Ryan Billman 0-0: Ball
1-0: Called Strike
1-1: Foul Ball, location: 2F
1-2: Fly out, F3 (Line Drive, 3S)
Lined into DP, U3 (Line Drive, 3S)
Top of the 4th over - 4 run(s), 6 hit(s), 1 error(s), 1 left on base; Arizona State 4 - Louisiana State 3
BOTTOM OF THE 4TH
Louisiana State Tigers batting - Pitching for Arizona State Sun Devils : LHP Mike Drake
Batting: RHB Jacob Glasspool 0-0: Foul Ball, location: 2F
0-1: Ball
1-1: Fly out, F7 (Flyball, 78M)
Batting: RHB Ernesto Quintero 0-0: Ball
1-0: SINGLE (Flyball, 8LS)
Batting: RHB Tony Young 0-0: Ball
1-0: Foul Ball, location: 2F
1-1: Fly out, F9 (Flyball, 9LS)
Batting: RHB Mike Cooley 0-0: Ball
1-0: Foul Ball, location: 2F
1-1: Fly out, F9 (Flyball, 9)
Bottom of the 4th over - 0 run(s), 1 hit(s), 0 error(s), 1 left on base; Arizona State 4 - Louisiana State 3
TOP OF THE 5TH
Arizona State Sun Devils batting - Pitching for Louisiana State Tigers : RHP Steve Henry
Batting: RHB Tim Oliver 0-0: Ball
1-0: Ball
2-0: Ball
3-0: Called Strike
3-1: Foul Ball, location: 2F
3-2: Base on Balls
Pitching: RHP Ricardo Duárez
Batting: SHB Leonardo González 0-0: Ball
1-0: Called Strike
1-1: Called Strike
1-2: Strikes out looking
Batting: RHB Cristo Avalos 0-0: Ball
1-0: Ball
2-0: Called Strike
2-1: Ball
3-1: Fly out, F7 (Flyball, 7)
Batting: SHB Paul Davenport 0-0: Ball
1-0: Foul Ball, location: 2F
1-1: Foul Ball, location: 2F
1-2: Strikes out swinging
Top of the 5th over - 0 run(s), 0 hit(s), 0 error(s), 1 left on base; Arizona State 4 - Louisiana State 3
BOTTOM OF THE 5TH
Louisiana State Tigers batting - Pitching for Arizona State Sun Devils : LHP Mike Drake
Batting: RHB Jeff Buck 0-0: Ball
1-0: Ball
2-0: Ground out 5-3 (Groundball, 56)
Batting: RHB John Howell 0-0: Ball
1-0: Foul Ball, location: 2F
1-1: Swinging Strike
1-2: SOLO HOME RUN (Flyball, 78XD), Distance : 389 ft
Batting: LHB Ronald Wallace 0-0: Foul Ball, location: 2F
0-1: Called Strike
0-2: Foul Ball, location: 2F
0-2: SINGLE (Groundball, 6MD)
Pitching: RHP John Osborne
Batting: RHB José López 0-0: Ball
1-0: 2-RUN HOME RUN (Flyball, 8LXD), Distance : 385 ft
Batting: RHB Jonathan Jackson 0-0: Ball
1-0: Ball
2-0: Foul Ball, location: 2F
2-1: SINGLE (Line Drive, 4D)
Batting: RHB Jacob Glasspool 0-0: Fly out, F8 (Flyball, 8LS)
Batting: RHB Ernesto Quintero 0-0: Fielders Choice at 2nd, 5-4 (Groundball, 5)
Bottom of the 5th over - 3 run(s), 4 hit(s), 0 error(s), 0 left on base; Arizona State 4 - Louisiana State 6
TOP OF THE 6TH
Arizona State Sun Devils batting - Pitching for Louisiana State Tigers : RHP Ricardo Duárez
Batting: LHB Werner Fisher 0-0: Swinging Strike
0-1: Ball
1-1: Ball
2-1: Swinging Strike
2-2: Strikes out swinging
Batting: LHB Juan Guzmán 0-0: Ball
1-0: Ball
2-0: Called Strike
2-1: Foul Ball, location: 2F
2-2: Ball
3-2: SOLO HOME RUN (Flyball, 9D), Distance : 366 ft
Batting: LHB José Serrano 0-0: Called Strike
0-1: Ball
1-1: Called Strike
1-2: Foul Ball, location: 2F
1-2: Ball
2-2: SOLO HOME RUN (Flyball, 9D), Distance : 361 ft
Pitching: RHP Doug Thomas
Batting: LHB John Turner 0-0: Ball
1-0: SINGLE (Line Drive, 6MD)
Batting: LHB Ryan Billman 0-0: Fly out, F7 (Flyball, 78M)
Batting: RHB Tim Oliver 0-0: Ball
1-0: Called Strike
1-1: Ball
2-1: Foul Ball, location: 2F
2-2: Foul Ball, location: 2F
2-2: Hit by Pitch
John Turner to second
Batting: SHB Leonardo González 0-0: Called Strike
0-1: Foul Ball, location: 2F
0-2: Ball
1-2: Ball
2-2: Strikes out looking
Top of the 6th over - 2 run(s), 3 hit(s), 0 error(s), 2 left on base; Arizona State 6 - Louisiana State 6
BOTTOM OF THE 6TH
Louisiana State Tigers batting - Pitching for Arizona State Sun Devils : RHP John Osborne
Batting: RHB Tony Young 0-0: Ball
1-0: Foul Ball, location: 2F
1-1: Called Strike
1-2: Ball
2-2: Ground out 4-3 (Groundball, 4)
Batting: RHB Mike Cooley 0-0: Called Strike
0-1: Foul Ball, location: 2F
0-2: Ball
1-2: Ball
2-2: Strikes out swinging
Batting: RHB Jeff Buck 0-0: Ball
1-0: Called Strike
1-1: Ball
2-1: Swinging Strike
2-2: Ball
3-2: Strikes out swinging
Bottom of the 6th over - 0 run(s), 0 hit(s), 0 error(s), 0 left on base; Arizona State 6 - Louisiana State 6
TOP OF THE 7TH
Arizona State Sun Devils batting - Pitching for Louisiana State Tigers : RHP Doug Thomas
Batting: RHB Cristo Avalos 0-0: Called Strike
0-1: Ball
1-1: Ground out 5-3 (Groundball, 56S)
Batting: SHB Paul Davenport 0-0: Fly out, F9 (Flyball, 89M)
Pitching: LHP Reed MacIntosh
Batting: LHB Werner Fisher 0-0: Fly out, F2 (Popup, 23)
Top of the 7th over - 0 run(s), 0 hit(s), 0 error(s), 0 left on base; Arizona State 6 - Louisiana State 6
BOTTOM OF THE 7TH
Louisiana State Tigers batting - Pitching for Arizona State Sun Devils : RHP John Osborne
Batting: RHB John Howell 0-0: Ball
1-0: Ball
2-0: Ball
3-0: Base on Balls
Pitching: LHP Javier Olivas
Batting: LHB Ronald Wallace 0-0: Ball
1-0: Called Strike
1-1: Swinging Strike
1-2: Strikes out swinging
Pitching: RHP Eric McCray
Batting: RHB José López 0-0: Called Strike
0-1: Foul Ball, location: 2F
0-2: Strikes out swinging
Batting: RHB Jonathan Jackson 0-0: Called Strike
0-1: Ball
1-1: Ball
2-1: Foul Ball, location: 2F
2-2: SINGLE (Groundball, 34D)
John Howell to second
Runner from 2nd tries for 3rd, SAFE, no throw
Batting: RHB Jacob Glasspool 0-0: Called Strike
0-1: Ball
1-1: Ground out 5-3 (Groundball, 5S)
Bottom of the 7th over - 0 run(s), 1 hit(s), 0 error(s), 2 left on base; Arizona State 6 - Louisiana State 6
TOP OF THE 8TH
Arizona State Sun Devils batting - Pitching for Louisiana State Tigers : LHP Reed MacIntosh
Pinch Hitting: RHB Bill McMichael 0-0: Ball
1-0: Fly out, F7 (Flyball, 78S)
Pinch Hitting: RHB Stan Murray 0-0: Called Strike
0-1: Foul Ball, location: 2F
0-2: Ball
1-2: Ball
2-2: Foul Ball, location: 2F
2-2: Ball
3-2: Foul Ball, location: 2F
3-2: Strikes out swinging
Batting: LHB John Turner 0-0: Called Strike
0-1: Swinging Strike
0-2: Ground out 3-1 (Groundball, 34)
Top of the 8th over - 0 run(s), 0 hit(s), 0 error(s), 0 left on base; Arizona State 6 - Louisiana State 6
BOTTOM OF THE 8TH
Louisiana State Tigers batting - Pitching for Arizona State Sun Devils : RHP Eric McCray
Now in LF: Stan Murray
Now in RF: John Lynch
Batting: RHB Ernesto Quintero 0-0: Ball
1-0: Swinging Strike
1-1: Ball
2-1: Ball
3-1: Base on Balls
Batting: RHB Tony Young 0-0: Sac Bunt - play at first, batter OUT! U3
Ernesto Quintero to second
Pinch Hitting: RHB Miguel Tamayo 0-0: Intentional Walk
Batting: RHB Jeff Buck 0-0: SINGLE (Line Drive, 7)
Ernesto Quintero to third
Miguel Tamayo to second
Runner from 3rd tries for Home, SAFE, throw made home
Miguel Tamayo to third
Jeff Buck to second
Batting: RHB John Howell 0-0: Called Strike
0-1: Foul Ball, location: 2F
0-2: Foul Ball, location: 2F
0-2: Ground out 5-3 (Groundball, 56S)
Batting: LHB Ronald Wallace 0-0: Called Strike
0-1: Fly out, F4 (Line Drive, 4MD)
Bottom of the 8th over - 1 run(s), 1 hit(s), 0 error(s), 2 left on base; Arizona State 6 - Louisiana State 7
TOP OF THE 9TH
Arizona State Sun Devils batting - Pitching for Louisiana State Tigers : LHP Reed MacIntosh
Pitching: RHP Jed Wilson
Now at SS: Ethan Ramos
Batting: LHB Ryan Billman 0-0: Ground out 4-3 (Groundball, 34)
Batting: RHB Tim Oliver 0-0: SINGLE (Line Drive, 78S)
Batting: SHB Leonardo González 0-0: Ball
1-0: Called Strike
1-1: Foul Ball, location: 2F
1-2: Foul Ball, location: 2F
1-2: Foul Ball, location: 2F
1-2: Fly out, F8 (Flyball, 8LD)
Batting: RHB Cristo Avalos 0-0: Called Strike
0-1: Called Strike
0-2: Ball
1-2: Ball
2-2: Ball
3-2: Strikes out swinging
Top of the 9th over - 0 run(s), 1 hit(s), 0 error(s), 1 left on base; Arizona State 6 - Louisiana State 7
Tuesday, August 8th, 2017 - OOTP Baseball 17.12 Build 75